 Dungeon Crawl Stone Soup version 0.31-a0-354-g827e0957a7 (webtiles) character file.

Game seed: 942923646501343209

31 Locuples the Slasher (level 3, 0/33 HPs)
             Began as a Minotaur Berserker on July 24, 2023.
             Was a Follower of Trog.
             Slain by a jackal (2 damage)
             ... on level 2 of the Dungeon.
             The game lasted 00:01:34 (705 turns).

Locuples the Slasher (Minotaur Berserker)            Turns: 705, Time: 00:01:34

Health: 0/33       AC:  8    Str: 23    XL:     3   Next: 7%
Magic:  2/2        EV:  6    Int:  4    God:    Trog [*.....]
Gold:   70         SH:  0    Dex:  9    Spells: 2/2 levels left

rFire   . . .        a - +0 falchion
rCold   . . .        (no shield)
rNeg    . . .        e - +0 chain mail
rPois   .            (helmet restricted)
rElec   .            (no cloak)
rCorr   .            (no gloves)
SInv    +            (no boots)
Will    .....        (no amulet) Stlth
                     c - ring of see invisible
HPRegen 0.25/turn    (no ring)
MPRegen 0.08/turn

%: no passive effects
@: constricted
A: horns 2, retaliatory headbutt
a: Renounce Religion, Berserk


You were on level 2 of the Dungeon.
You worshipped Trog.
Trog was aware of your devotion.
You visited 1 branch of the dungeon, and saw 2 of its levels.

You collected 70 gold pieces.

Inventory:

Hand Weapons
 a - a +0 falchion (weapon)
Armour
 e - a +0 chain mail (worn)
Jewellery
 c - a ring of see invisible (left hand)
Scrolls
 b - a scroll of identify {unknown}
 f - a scroll of amnesia {unknown}
Potions
 d - a potion of curing {unknown}


   Skills:
 + Level 4.0 Fighting
 * Level 4.7 Long Blades
 + Level 2.7 Armour
 - Level 2.1 Dodging


You had 2 spell levels left.
You didn't know any spells.
Your spell library was empty.

Dungeon Overview and Level Annotations

Branches:
Dungeon (2/15)

Altars:


Innate Abilities, Weirdness & Mutations

You have a pair of horns on your head.
You reflexively headbutt those who attack you in melee.


Message History

The bat hits you but does no damage. The jackal closely misses you.
You furiously retaliate!
You headbutt the jackal.
A ball python comes into view.
The ball python barely misses you. x2; The quokka bites you.
The jackal bites you but does no damage.
The hobgoblin closely misses you.
You barely miss the worm.
The worm is moderately wounded.
The ball python hisses angrily.
The bat barely misses you. You furiously retaliate!
You headbutt the bat.
You kill the bat!
Trog accepts your kill. The ball python closely misses you.
The ball python grabs you. The ball python constricts you.
The quokka bites you but does no damage.
The worm bites you!
* * * LOW HITPOINT WARNING * * *
The jackal barely misses you.
The ball python bites you but does no damage.
The ball python constricts you.
* * * LOW HITPOINT WARNING * * *
The hobgoblin barely misses you.
The hobgoblin hits you but does no damage.
The quokka bites you.
* * * LOW HITPOINT WARNING * * *
You hit the worm.
The worm is heavily wounded.
The jackal bites you but does no damage.
The ball python barely misses you. The ball python constricts you.
The quokka bites you but does no damage.
The worm barely misses you.
The hobgoblin hits you but does no damage.
The hobgoblin barely misses you. You furiously retaliate!
You headbutt the hobgoblin!
You kill the hobgoblin!
Trog accepts your kill.
You barely miss the worm. Your headbutt misses the worm. You punch the worm.
The worm is severely wounded.
The jackal bites you.
You die...

.... #.....#
.... ##.......
..... .........
....###........
###.............
................
......).........
.......hS.......
.......g@.......
.......rw†......
........S.....>.
................
.........S......
................
........##.....#
....>.. #.####


You could see a worm, an adder, a quokka, a jackal, a hobgoblin and 2 ball
pythons.

Vanquished Creatures
  3 bats
  4 endoplasms
  3 giant cockroaches (D:1)
  3 goblins
  3 hobgoblins
  2 jackals (D:2)
  A kobold (D:1)
  A quokka (D:1)
  3 ball pythons (D:1)
  A frilled lizard (D:1)
  2 rats (D:1)
26 creatures vanquished.

Notes
Turn   | Place    | Note
-------+----------+-------------------------------------------
     0 | D:1      | Locuples the Minotaur Berserker began the quest for the
                  | Orb.
     0 | D:1      | Reached XP level 1. HP: 19/19 MP: 0/0
   192 | D:1      | Reached XP level 2. HP: 24/27 MP: 1/1
   702 | D:2      | Reached XP level 3. HP: 14/33 MP: 2/2
   705 | D:2      | Slain by a jackal

Illustrated notes

Levels and vault maps discovered:
D:1:      amcnicky_arrival_choice, layout_loops_ring, minmay_tromino_v4_a
D:2:      layout_rooms

Skill      XL: |  1  2 |
---------------+-------+-----
Long Blades    | 4 |  4.7
Fighting       | 4 |  4.0
Armour         | |  2.7
Dodging        | |  2.1

Action                     || total
---------------------------++-------
  Melee: Falchion          ||    62
         Headbutt          ||     8
         Punch             ||     1
 Armour: Animal skin       ||     2
         Chain mail        ||    58
  Dodge: Dodged            ||    68

Table legend: (Time is in decaauts)
 A = Elapsed time spent in this place.
 B = Non-inter-level travel time spent in this place.
 C = Inter-level travel time spent in this place.
 D = Time resting spent in this place.
 E = Time spent auto-exploring this place.
 F = Levels seen in this place.
 G = Mean time per level.
                   A        B        C        D        E       F      G
               +--------+--------+--------+--------+--------+-----+--------+
         Total |    710 |    682 |     28 |      0 |    515 |   2 |  355.0 |
       Dungeon |    710 |    682 |     28 |      0 |    515 |   2 |  355.0 |
               +--------+--------+--------+--------+--------+-----+--------+

Top non-repeatable levels by time:
     D:1: 692 daAuts
     D:2: 17 daAuts
